 Dungeon Crawl Stone Soup version 0.29.0-11-gd7f09526c8 (webtiles) character file.

Game seed: 13619560687217734964

129102 wingedge the Severer (level 18, -1/157 HPs)
             Began as a Meteoran Wanderer on Sept 2, 2022.
             Was a High Priest of Ru.
             Slain by Arachne
             ... wielding a staff of poison
              (13 damage)
             ... on level 4 of the Spider Nest on Sept 5, 2022.
             The game lasted 03:52:10 (12693 turns).

wingedge the Severer (Meteoran Wanderer)           Turns: 12693, Time: 03:52:11

Health: -1/157     AC: 25    Str: 21    XL:     18   Next: 23%
Magic:  0/41       EV: 11    Int: 15    God:    Ru [*****.]
Gold:   980        SH: 13    Dex: 24    Spells: 20/35 levels left

rFire   + . .      SeeInvis .   b - +10 war axe of Fear {drain, rF+ Will+ MP+9}
rCold   + . .      Faith    .   A - +0 kite shield
rNeg    + . .      Spirit   +   W - +8 chain mail of Ykkiniom {rN+ Regen+ Str+5 Dex-2}
rPois   .          Reflect  .   q - +0 helmet
rElec   .          Harm     .   T - +0 cloak
rCorr   .          Rampage  .   (no gloves)
Will    +++..                   D - +1 pair of boots "Ebyxi" {rC+}
Stlth   ..........              o - amulet of guardian spirit
HPRegen 1.16/turn               E - +6 ring of dexterity
MPRegen 0.27/turn               U - ring of wizardry

@: lethally poisoned (-1 -> -2), exhausted, silenced, slowed, glowing, studying
Throwing, unable to read, very slow
A: sense surroundings 3, inability to read after injury 2, no stealth, hated by
all, unskilled 1, otherworldly, glowing, explore regen
a: Renounce Religion


You were on level 4 of the Spider Nest.
You worshipped Ru.
Ru was extremely pleased with you.
You visited 5 branches of the dungeon, and saw 24 of its levels.
You visited 1 bazaar.
You also visited: Bailey.

You collected 1929 gold pieces.
You spent 949 gold pieces at shops.

Inventory:

Hand Weapons
 a - a +6 battleaxe of electrocution
 b - the +10 war axe of Fear (weapon) {drain, rF+ Will+ MP+9}
   (You found it on level 4 of the Dungeon)

   A truly terrible weapon, it drains the life of any living foe it strikes.
   rF:        It protects you from fire.
   MP:        It affects your magic capacity (+9).
   Will:      It increases your willpower.
 c - a +5 war axe of freezing
 R - a +2 shortbow of freezing
Missiles
 i - 6 boomerangs
 J - 5 curare-tipped darts (quivered)
Armour
 m - +5 storm dragon scales {Bai Suzhen}
 q - a +0 helmet (worn)
 A - a +0 kite shield (worn)
 D - the +1 pair of boots "Ebyxi" (worn) {rC+}
   (You bought it in a shop in a bazaar)

   rC:        It protects you from cold.
 T - a +0 cloak (worn)
 W - the +8 chain mail of Ykkiniom (worn) {rN+ Regen+ Str+5 Dex-2}
   (You bought it in a shop in a bazaar)

   Str:       It affects your strength (+5).
   Dex:       It affects your dexterity (-2).
   rN:        It protects you from negative energy.
   Regen:     It increases your rate of health regeneration.
Jewellery
 o - an amulet of guardian spirit (around neck)
 z - a ring of willpower
 E - a +6 ring of dexterity (left hand)
 P - a +4 ring of protection
 U - a ring of wizardry (right hand)
Wands
 g - a wand of mindburst (11)
 r - a wand of flame (27)
 v - a wand of paralysis (9)
 x - a wand of digging (2)
 V - a wand of iceblast (1)
 Z - a wand of quicksilver (3)
Scrolls
 h - 2 scrolls of poison
 k - 2 scrolls of brand weapon
 n - 4 scrolls of immolation
 p - a scroll of vulnerability
 t - 6 scrolls of fear
 B - 5 scrolls of teleportation
 F - 2 scrolls of amnesia
 H - a scroll of torment
 L - 3 scrolls of magic mapping
Potions
 j - 11 potions of mutation
 w - a potion of lignification
 Q - a potion of brilliance
 Y - a potion of magic {unknown}
Miscellaneous
 I - a condenser vane (inert)


   Skills:
 - Level 13.0 Fighting
 - Level 19.0 Axes
 - Level 2.0 Ranged Weapons
 - Level 6.1 Throwing
 + Level 11.7 Armour
 - Level 7.0 Dodging
 - Level 8.0 Shields
 - Level 9.0 Spellcasting
 - Level 4.0 Conjurations
 - Level 3.0 Hexes
 - Level 13.0 Translocations
 - Level 4.0 Fire Magic
 - Level 5.0 Evocations


You had 20 spell levels left.
You knew the following spells:

 Your Spells              Type           Power      Damage    Failure   Level
a - Apportation           Tloc           90%        N/A       1%          1
b - Blink                 Tloc           90%        N/A       1%          2
c - Lesser Beckoning      Tloc           45%        N/A       1%          3
g - Passage of Golubria   Tloc           45%        N/A       3%          4
j - Manifold Assault      Tloc           45%        N/A       9%          5

Your spell library contained the following spells:

 Spells                   Type           Power      Damage    Failure   Level
 Portal Projectile        Hex/Tloc       60%        N/A       8%          3
 Foxfire                  Conj/Fire      72%        2x1d7     12%         1
 Magic Dart               Conj           72%        1d6       12%         1
 Slow                     Hex            60%        N/A       19%         1
 Conjure Flame            Conj/Fire      18%        6-21      34%         3
 Inner Flame              Hex/Fire       17%        N/A       41%         3
 Freeze                   Ice            24%        1d5       52%         1
 Ignite Poison            Fire/Tmut/Pois 10%        N/A       71%         3
 Mephitic Cloud           Conj/Pois/Air  10%        N/A       71%         3
 Flame Wave               Conj/Fire      18%        2d7       73%         4
 Frozen Ramparts          Ice            12%        1d2       86%         3
 Hailstorm                Conj/Ice       12%        3d5       93%         4
 Blade Hands              Tmut           3%         N/A       100%        5
 Borgnjor's Vile Clutch   Necr/Erth      3%         N/A       100%        5
 Freezing Cloud           Conj/Ice/Air   5%         6-21      100%        5
 Yara's Violent Unravell  Hex/Tmut       5%         3d4       100%        5
 Orb of Destruction       Conj           9%         9d6       100%        7
 Disjunction              Tloc           22%        N/A       100%        8
 Tukima's Dance           Hex            Unusable   N/A       N/A         3
 Call Imp                 Summ           Unusable   N/A       N/A         2
 Summon Guardian Golem    Hex/Summ       Unusable   N/A       N/A         3
 Animate Dead             Necr           Unusable   N/A       N/A         4
 Death Channel            Necr           Unusable   N/A       N/A         6
 Spellforged Servitor     Conj/Summ      Unusable   N/A       N/A         7

Dungeon Overview and Level Annotations

Branches:
Dungeon (15/15) Zot: 57    Temple (1/1) D:7 Zot: 501    Lair (2/5) D:8 Zot: 684
 Spider (4/4) Lair:2 Zot: 251     Orc (2/2) D:11 Zot: 1004  Vaults (0/5) D:13
 Depths (0/4) D:15         Bailey (visited)
  Swamp: Lair:2-3    Shoals: Lair:2-3       Elf: Orc:2

Altars:
Ashenzari
Cheibriados
Dithmenos
Elyvilon
Gozag
Kikubaaqudgha
Makhleb
Nemelex Xobeh
Okawaru
Qazlal
Ru
Sif Muna
Trog
Uskayaw
Vehumet
Wu Jian
Xom
Zin
The Shining One

Shops:
D:1 **:(   D:2 *

Annotations:
Spider:4 Arachne


Innate Abilities, Weirdness & Mutations

You passively map a large area around you.
You sometimes lose the ability to read scrolls when taking damage.
You cannot be stealthy.
You are hated by all.
You are somewhat unskilled. (-1 Apt)
You are easily found by Zot.
You glow in the dark.
You regain HP and MP as you explore.


Message History

Arachne envenoms you!!
You are more poisoned.
Unknown command.
Okay, then.
Okay, then.
You feel much better.
You feel sick. The death scarab barely misses you.
You block the spectral jumping spider's attack.
The spectral jumping spider bites you but does no damage.
Arachne goes berserk!
You block Arachne's attack.
The spectral jumping spider pounces on you.
The spectral jumping spider barely misses you.
Arachne hits you but does no damage. Arachne envenoms you.
You are more poisoned.
You block the spectral jumping spider's attack.
The spectral jumping spider bites you but does no damage.
Unknown command.
You slash Arachne! You drain Arachne.
Arachne is moderately wounded.
You completely miss the spectral jumping spider.
You feel sick. You block Arachne's attack.
Arachne hits you with a staff of poison!!
* * * LOW HITPOINT WARNING * * *
Arachne envenoms you!
* * * LOW HITPOINT WARNING * * *
You are more poisoned.
The spectral jumping spider is stunned by your conviction and fails to attack.
You block the death scarab's attack. You block Arachne's attack.
The spectral jumping spider pounces on you but does no damage.
The spectral jumping spider bites you but does no damage.
You cannot read scrolls in your current state!
You cannot cast spells when silenced!
Clouds of flame condense around you!
The condenser dries out!
You feel sick.
The death scarab is engulfed in blazing flames.
You block the death scarab's attack. x2
The death scarab is engulfed in blazing flames.
Arachne is engulfed in blazing flames.
Arachne hits you with a staff of poison!
* * * LOW HITPOINT WARNING * * *
Arachne envenoms you!
You die...

#.#.....# ~ , , ~ * ^...
..#.8.8.#, ~ ~ ~ #... #.......#^
,, ~~ ~ ... ..#..†..# , ~, , ,#.
....8.8.# ,,^###################
.^#.....# , ,#..°°..^°°^.#^....#
#.^.....#,....#○#..°○.........#.#
....8.8.#.....#B○.....#....^....#
........#.Z~..#§@§##########...~#
....##.##~.#..#°ZH# ,, , #..~~#
..†## ###~~...#§B○#, ,,, #~~~~~
^†.#####~~~...##.○' , , ##~###
...~##~~~~~...#^..'. #.~~~~
...~~~~~~~~...#○°○'.. #..~~~
..~~~~##~~~...#°..°... , #~~~~~
^.~~#####~#...#.°.'.°.., ##~##~
...## ###~....# ,, ~~~#


You could see Arachne (berserk, drained), a spectral jumping spider and 2 death
scarabs.

Vanquished Creatures
  Bai Suzhen (Spider:3)
  Frances (D:13)
  2 emperor scorpions (Spider:4)
  3 ghost moths (Spider:4)
  4 broodmothers
  The ghost of Ytheofip the Cleaver, a journeyman FoFi of Okawaru (D:14)
  2 entropy weavers
  3 spark wasps
  Azrael (Spider:3)
  A great orb of eyes (D:15)
  5 hydras
  A rakshasa (D:13)
  11 boulder beetles
  A catoblepas (D:13)
  3 jorogumos
  8 centaur warriors
  2 death knights
  2 dancing weapons (D:13)
  4 two-headed ogres
  2 radroaches
  A death scarab (Spider:4)
  A tengu warrior (D:15)
  Urug (Lair:2)
  4 skeletal warriors
  9 pharaoh ants
  2 sun moths
  7 steelbarb worms
  8 orb spiders
  A spectral wolf spider (Spider:4)
  A phantasmal warrior (D:14)
  2 orc knights
  23 wolf spiders
  A broodmother zombie (Spider:4)
  2 deep elf pyromancers
  8 ugly things
  An oklob plant (Lair:1)
  4 cyclopes
  2 manticores
  2 moths of wrath
  2 black mambas (Lair:1)
  3 torpor snails
  5 gargoyles
  A cane toad (Lair:1)
  13 demonic crawlers
  3 unseen horrors
  2 spectral redbacks (Spider:4)
  An efreet (D:15)
  A freezing wraith (D:14)
  2 redback zombies (Spider:4)
  3 kobold demonologists
  Maggie (Lair:2)
  A queen bee (D:14)
  10 meliai
  A spectral culicivora (Spider:4)
  A hornet (shapeshifter) (D:13)
  22 tarantellas
  A hornet (D:14)
  A spectral jumping spider (Spider:4)
  A jumping spider zombie (Spider:4)
  11 slime creatures
  9 trolls
  A culicivora zombie (Spider:4)
  3 spectral tarantellas (Spider:4)
  19 culicivoras
  A shadow (D:11)
  27 jumping spiders
  29 yaks
  9 wraiths
  A basilisk (D:8)
  4 wyverns
  6 hogs (Spider:1)
  2 steam dragons
  4 fire elementals (Spider:3)
  56 redbacks
  A yak (shapeshifter) (D:15)
  16 vampire mosquitoes
  Edmund (D:4)
  Grum (Lair:1)
  An acid dragon (D:11)
  2 hell hounds (Spider:3)
  6 water moccasins
  12 orc warriors
  A sky beast (D:8)
  A boggart (D:11)
  4 wolves (Lair:1)
  9 centaurs
  3 ogres (Orc:2)
  2 phantoms (D:4)
  6 kobold brigands
  6 bullfrogs
  A necrophage (D:8)
  3 gnoll sergeants
  2 scorpions
  15 wights
  20 killer bees
  5 howler monkeys
  An electric eel (Spider:3)
  5 orc priests
  A gnoll bouda (D:6)
  4 jellies
  5 hounds
  6 iguanas
  Terence (D:3)
  9 orc wizards
  Robin (D:2)
  9 adders
  15 gnolls
  4 worms
  43 orcs
  6 bats (D:3)
  5 endoplasms
  2 giant cockroaches
  17 hobgoblins
  10 jackals
  16 kobolds
  6 quokkas
  7 ball pythons
  18 goblins
  3 rats
707 creatures vanquished.

Vanquished Creatures (others)
  Kirke (Spider:1)
  A demonic crawler (Spider:2)
  A komodo dragon (Lair:1)
  A meliai (D:14)
  A yak (D:8)
  2 redbacks (Spider:2)
  A scorpion (D:8)
  2 orcs
  A bush (D:8)
  238 foxfires
  6 fungi
  25 plants (D:8)
280 creatures vanquished.

Grand Total: 987 creatures vanquished

Notes
Turn   | Place    | Note
-------+----------+-------------------------------------------
     0 | D:1      | wingedge the Meteoran Wanderer began the quest for the Orb.
     0 | D:1      | wingedge set off with the following items: a +0 dagger, a
                  | +0 buckler, a potion of berserk rage, a +2 leather armour;
                  | and the following spell memorised: Slow; and the following
                  | spells available to memorise: Inner Flame.
     0 | D:1      | Reached XP level 1. HP: 14/14 MP: 5/5
    58 | D:1      | Found Benedu's Book Shoppe.
   101 | D:1      | Reached XP level 2. HP: 20/20 MP: 6/6
   106 | D:1      | Reached skill level 5 in Dodging
   182 | D:1      | Found Ovaux's Assorted Antiques.
   308 | D:1      | Found a faded altar of an unknown god.
   311 | D:1      | Prayed at the altar of an unknown god.
   311 | D:1      | Became a worshipper of Ru the Awakened
   322 | D:1      | Gained mutation: You are hated by all. [Ru sacrifice]
   322 | D:1      | Reached * piety under Ru
   322 | D:1      | Reached ** piety under Ru
   341 | D:1      | Found Teecesk's General Store.
   368 | D:1      | Reached XP level 3. HP: 25/27 MP: 8/8
   400 | D:1      | Found Xikaereq's Weapon Emporium.
   442 | D:1      | Bought a scroll of noise for 12 gold pieces
   442 | D:1      | Bought a potion of degeneration for 12 gold pieces
   478 | D:2      | Learned a level 1 spell: Foxfire
   590 | D:2      | Reached skill level 1 in Fire Magic
   604 | D:2      | Noticed Robin
   609 | D:2      | Reached skill level 1 in Fighting
   620 | D:2      | Killed Robin
   621 | D:2      | Reached skill level 1 in Conjurations
   621 | D:2      | Reached XP level 4. HP: 18/35 MP: 0/9
   651 | D:2      | Found Rezatsil's Assorted Antiques.
   659 | D:2      | Bought a murky blue potion for 18 gold pieces
   717 | D:2      | Reached skill level 1 in Throwing
  1065 | D:2      | Glimpsed the power of Zot.
  1124 | D:3      | Identified the +2 sling of Impeachment {vorpal, Dex+2}
  1211 | D:3      | Noticed Terence
  1227 | D:3      | Killed Terence
  1228 | D:3      | Reached skill level 1 in Ranged Weapons
  1228 | D:3      | Reached XP level 5. HP: 35/41 MP: 0/10
  1461 | D:3      | Gained mutation: You are somewhat unskilled. (-1 Apt) [Ru
                  | sacrifice]
  1461 | D:3      | Reduced skill Fighting to level 1
  1461 | D:3      | Reduced skill Shields to level 1
  1461 | D:3      | Reduced skill Conjurations to level 1
  1461 | D:3      | Reduced skill Fire Magic to level 1
  1461 | D:3      | Reached *** piety under Ru
  1564 | D:3      | Found a glowing silver altar of Zin.
  1565 | D:3      | Found Zin's Purification Station.
  1572 | D:3      | Bought a potion of curing for 90 gold pieces
  1613 | D:3      | Reached skill level 1 in Throwing
  1656 | D:3      | Glimpsed the power of Zot.
  1706 | D:4      | Reached XP level 6. HP: 46/48 MP: 2/11
  1784 | D:4      | Reached skill level 1 in Ranged Weapons
  1800 | D:4      | Reached XP level 7. HP: 55/55 MP: 6/12
  1939 | D:4      | Noticed Edmund
  1966 | D:4      | Killed Edmund
  2133 | D:4      | Reached skill level 5 in Dodging
  2133 | D:4      | Reached XP level 8. HP: 63/63 MP: 8/13
  2136 | D:4      | Identified the +10 war axe of Fear {drain, rF+ Will+ MP+9}
  2142 | D:4      | Learned a level 3 spell: Inner Flame
  2239 | D:4      | Glimpsed the power of Zot.
  2256 | D:5      | Entered Level 5 of the Dungeon
  2388 | D:5      | Reached skill level 1 in Axes
  2454 | D:5      | Reached skill level 2 in Axes
  2557 | D:5      | Reached skill level 3 in Axes
  2826 | D:5      | Glimpsed the power of Zot.
  2874 | D:5      | Gained mutation: You cannot be stealthy. [Ru sacrifice]
  2904 | D:6      | Reached skill level 4 in Axes
  2904 | D:6      | Reached skill level 1 in Armour
  2947 | D:6      | Noticed a wraith
  2959 | D:6      | Killed a wraith
  2960 | D:6      | Gained mutation: You passively map the area around you.
                  | [Meteoran growth]
  2960 | D:6      | Reached XP level 9. HP: 46/71 MP: 14/14
  2997 | D:6      | Reached skill level 5 in Axes
  3125 | D:6      | Found an ancient bone altar of Kikubaaqudgha.
  3185 | D:6      | Reached skill level 6 in Axes
  3214 | D:6      | Found a stormy altar of Qazlal.
  3320 | D:6      | Found a burning altar of Makhleb.
  3320 | D:6      | Found a bloodstained altar of Trog.
  3372 | D:6      | Reached skill level 7 in Axes
  3403 | D:6      | Glimpsed the power of Zot.
  3550 | D:7      | Reached skill level 1 in Translocations
  3663 | D:7      | Noticed a troll
  3667 | D:7      | Killed a troll
  3705 | D:7      | Found a staircase to the Ecumenical Temple.
  3734 | Temple   | Entered the Ecumenical Temple
  3873 | D:7      | Reached skill level 8 in Axes
  4005 | D:7      | Reached XP level 10. HP: 69/79 MP: 13/15
  4025 | D:7      | Reached skill level 5 in Fighting
  4091 | D:7      | Glimpsed the power of Zot.
  4188 | D:8      | Reached skill level 9 in Axes
  4255 | D:8      | Found a broken altar of Ashenzari.
  4286 | D:8      | Noticed a two-headed ogre
  4292 | D:8      | Killed a two-headed ogre
  4293 | D:8      | Reached skill level 10 in Axes
  4326 | D:8      | Reached skill level 11 in Axes
  4346 | D:8      | Reached XP level 11. HP: 63/91 MP: 16/16
  4448 | D:8      | Found a staircase to the Lair.
  4553 | D:8      | Reached skill level 5 in Armour
  4689 | D:8      | Glimpsed the power of Zot.
  4739 | D:8      | Glimpsed the power of Zot.
  4800 | D:9      | Reached skill level 12 in Axes
  4867 | D:9      | Found a flagged portal.
  4879 | Bailey   | Entered a bailey
  5061 | Bailey   | Noticed an orc knight
  5073 | Bailey   | Killed an orc knight
  5074 | Bailey   | Reached skill level 13 in Axes
  5080 | Bailey   | Acquired the Exposition on Superposition
  5138 | D:9      | Reached XP level 12. HP: 73/101 MP: 17/17
  5262 | D:9      | Learned a level 1 spell: Apportation
  5265 | D:9      | Learned a level 2 spell: Blink
  5348 | D:9      | Found a hide-covered altar of Uskayaw.
  5480 | D:10     | Entered Level 10 of the Dungeon
  5533 | D:10     | Found a shimmering altar of Xom.
  5925 | D:10     | Reached skill level 14 in Axes
  6001 | D:10     | Found a sacrificial altar of Ru.
  6069 | D:10     | Glimpsed the power of Zot.
  6167 | D:11     | Noticed a two-headed ogre
  6169 | D:11     | Noticed a two-headed ogre
  6202 | D:11     | Killed a two-headed ogre
  6203 | D:11     | Reached skill level 5 in Shields
  6206 | D:11     | Killed a two-headed ogre
  6379 | D:11     | Found a staircase to the Orcish Mines.
  6571 | D:11     | Noticed a six-headed hydra
  6573 | D:11     | Noticed a centaur warrior
  6585 | D:11     | Killed a centaur warrior
  6591 | D:11     | Reached skill level 5 in Translocations
  6595 | D:11     | Reached XP level 13. HP: 88/107 MP: 20/20
  6658 | D:11     | Killed a nine-headed hydra
  6669 | D:11     | Glimpsed the power of Zot.
  6715 | D:11     | Glimpsed the power of Zot.
  6717 | D:11     | Noticed a boulder beetle
  6736 | D:11     | Killed a boulder beetle
  6737 | D:11     | Reached skill level 5 in Spellcasting
  6756 | D:11     | Glimpsed the power of Zot.
  6765 | D:11     | Touched by the power of Zot.
  6819 | Orc:1    | Entered Level 1 of the Orcish Mines
  6948 | Orc:2    | Entered Level 2 of the Orcish Mines
  6974 | Orc:2    | Noticed an ogre mage
  7011 | Orc:2    | Noticed a two-headed ogre
  7017 | Orc:2    | Killed a two-headed ogre
  7018 | Orc:2    | Noticed an ogre mage
  7018 | Orc:2    | Noticed a two-headed ogre
  7020 | Orc:2    | Noticed a two-headed ogre
  7087 | D:12     | Reached skill level 5 in Evocations
  7092 | D:12     | Learned a level 3 spell: Lesser Beckoning
  7097 | D:12     | Learned a level 4 spell: Passage of Golubria
  7152 | D:12     | Gained mutation: You occasionally lose the ability to read
                  | scrolls when taking damage. [Ru sacrifice]
  7152 | D:12     | Gained mutation: You sometimes lose the ability to read
                  | scrolls when taking damage. [Ru sacrifice]
  7152 | D:12     | Reached **** piety under Ru
  7152 | D:12     | Reached ***** piety under Ru
  7469 | D:12     | You fall into a shaft and drop 3 floors!
  7469 | D:15     | Entered Level 15 of the Dungeon
  7491 | D:15     | Noticed a great orb of eyes
  7501 | D:15     | Killed a great orb of eyes
  7625 | D:15     | Found a flickering gateway to a bazaar.
  7636 | Bazaar   | Entered a bazaar
  7636 | Bazaar   | Found Licuac's Armour Boutique.
  7636 | Bazaar   | Found Koret's Weapon Shop.
  7636 | Bazaar   | Found Badam's Armour Shop.
  7644 | Bazaar   | Bought the +1 pair of boots "Ebyxi" {rC+} for 211 gold
                  | pieces
  7644 | Bazaar   | Bought the +8 chain mail of Ykkiniom {rN+ Regen+ Str+5
                  | Dex-2} for 558 gold pieces
  7678 | Bazaar   | Learned a level 5 spell: Manifold Assault
  7684 | Bazaar   | Bought a throwing net for 48 gold pieces
  7767 | D:15     | Noticed a boulder beetle
  7795 | D:15     | Killed a boulder beetle
  7825 | D:15     | Noticed a centaur warrior
  7833 | D:15     | Killed a centaur warrior
  7834 | D:15     | Reached XP level 14. HP: 105/118 MP: 20/22
  7916 | D:15     | Reached skill level 5 in Throwing
  7987 | D:15     | Reached skill level 15 in Axes
  8044 | D:15     | Found a bloodstained altar of Trog.
  8326 | D:14     | Noticed Ytheofip's ghost (journeyman FoFi)
  8332 | D:14     | Found a transporter.
  8334 | D:14     | Found a transporter.
  8350 | D:14     | Acquired a +0 battleaxe of electrocution
  8417 | D:14     | Killed Ytheofip's ghost
  8418 | D:14     | Reached skill level 16 in Axes
  8769 | D:14     | Reached skill level 10 in Translocations
  9020 | D:13     | Reached XP level 15. HP: 122/124 MP: 21/26
  9520 | D:13     | Noticed Frances
  9565 | D:13     | Killed Frances
  9621 | D:13     | Found a gate to the Vaults.
  9637 | D:13     | Glimpsed the power of Zot.
  9687 | D:12     | Glimpsed the power of Zot.
  9727 | D:13     | Glimpsed the power of Zot.
  9737 | D:13     | Touched by the power of Zot.
  9836 | D:9      | Glimpsed the power of Zot.
  9878 | Lair:1   | Entered Level 1 of the Lair of Beasts
  9938 | Lair:1   | Noticed Grum
  9941 | Lair:1   | Killed Grum
 10345 | Lair:2   | Noticed Urug
 10348 | Lair:2   | Noticed Maggie
 10355 | Lair:2   | Killed Urug
 10356 | Lair:2   | Reached skill level 10 in Fighting
 10378 | Lair:2   | Killed Maggie
 10385 | Lair:2   | Found a hole to the Spider Nest.
 10401 | Spider:1 | Entered Level 1 of the Spider Nest
 10401 | Spider:1 | Noticed Kirke
 10419 | Spider:1 | Killed Kirke
 10730 | Spider:1 | Reached skill level 17 in Axes
 10730 | Spider:1 | Reached XP level 16. HP: 55/128 MP: 4/27
 11052 | Spider:2 | Reached skill level 10 in Armour
 11063 | Spider:2 | HP: 5/121 [poisoned by a redback]
 11095 | Spider:2 | HP: 6/129 [poisoned by a redback]
 11611 | Spider:3 | Reached XP level 17. HP: 123/148 MP: 24/30
 11686 | Spider:3 | Noticed Azrael
 11721 | Spider:3 | Killed Azrael
 11814 | Spider:3 | Noticed Bai Suzhen
 11845 | Spider:3 | Killed Bai Suzhen
 12189 | Spider:4 | Entered Level 4 of the Spider Nest
 12214 | Spider:4 | Reached skill level 18 in Axes
 12499 | Spider:4 | Gained mutation: You passively map a large area around you.
                  | [Meteoran growth]
 12499 | Spider:4 | Reached XP level 18. HP: 149/157 MP: 25/32
 12552 | Spider:4 | Reached skill level 19 in Axes
 12678 | Spider:4 | Noticed Arachne
 12693 | Spider:4 | Slain by Arachne

Illustrated notes

Levels and vault maps discovered:
D:1:      dpeg_arrival_rhombi, layout_loops_cross, serial_shops, shop, shop,
          nicolae_shop_waterfront, nicolae_shop_overgrown_old_shop,
          shapermc_ecumenical_altar_mp_ritualfount
D:2:      layout_loops_ring, serial_shops, shop_statue,
          chequers_serial_rivers_large_a, uniq_robin
D:3:      layout_basic, zin_purify, uniq_terence
D:4:      layout_loops_ring, minmay_goblin_kobold_house, uniq_edmund
D:5:      layout_gridville, minmay_misc_feat_enclosed
D:6:      layout_cave_pods, nicolae_qazlal_style_of_elements,
          general_overflow_altar, gammafunk_temple_overflow_statue,
          chequers_serial_rivers_micro_b, hangedman_decor_opposing
D:7:      layout_loops_corners, minmay_temple_entry_ruins,
          kennysheep_another_room
D:8:      layout_loops_ring, kennysheep_little_box, minmay_lair_entry_grove,
          minmay_fountain_box, eino_jars
D:9:      layout_loops_ring, mainiacjoe_overflow_24_doors, enter_bailey_4
D:10:     layout_long_grid, nicolae_ru_sacrificial_ziggurat,
          mainiacjoe_overflow_chevrons
D:11:     kennysheep_windowed_halls, layout_rooms, orc_0_dummy,
          nicolae_concentric_dashed_squares_wild
D:12:     layout_loops_cross
D:13:     layout_irregular_city, erik_vaults_1, nrook_pool_corridor,
          uniq_frances
D:14:     layout_stronghold, gammafunk_ghost_hive
D:15:     grunt_enter_depths_snipers, layout_grid_maze, minmay_misc_feat_cross,
          serial_shops, freezing_bzr, trog_three_pillars_becter
Temple:   dshaligram_water_room_temple
Lair:1:   layout_cave_pods, minmay_lair_oklob_bushes, beast_lair_carwin_10,
          lemuel_fruit_fields, uniq_grum
Lair:2:   layout_roguey, spider_nest_entry_web_field, special_room,
          grunt_megastairs_1, uniq_amaemon, uniq_maggie, uniq_urug
Spider:1: layout_spider_delve, nicolae_spider_rock_and_or_roll, uniq_kirke
Spider:2: layout_spider_delve, hangedman_spider_tarantella_strand
Spider:3: layout_spider_delve, uniq_azrael, uniq_bai_suzhen
Spider:4: floodkiller_spider_rune_tomb, uniq_arachne
Orc:1:    layout_caves
Orc:2:    st_orc_ogre_mass, layout_diamond_mine

Skill      XL: |  1  2  3  4  5  6  7  8  9 10 11 12 13 14 15 16 17 18 |
---------------+-------------------------------------------------------+-----
Dodging        | 5 4 5 6 7 |  7.0
Spellcasting   | 3 2 3 4 5 7 8 9 |  9.0
Fire Magic     | 1 2 2 3 4 |  4.0
Hexes          | 3 2 3 |  3.0
Fighting       | 1 2 2 3 4 6 8 9 10 12 13 | 13.0
Shields        | 2 2 7 8 |  8.0
Conjurations   | 1 2 3 4 |  4.0
Throwing       | 1 1 3 6 |  6.1
Ranged Weapons | 1 0 1 2 |  2.0
Axes           | 4 8 11 13 14 16 17 18 19 | 19.0
Armour         | 3 4 5 6 8 10 11 | 11.7
Translocations | 3 4 5 9 10 13 | 13.0
Evocations     | 2 3 4 5 |  5.0

Action                   |  1- 3 |  4- 6 |  7- 9 | 10-12 | 13-15 | 16-18 || total
-------------------------+-------+-------+-------+-------+-------+-------++-------
Melee: Dagger            |    18 |       |       |       |       |       ||    18
       Short sword       |    95 |    33 |       |       |       |       ||   128
       War axe           |       |       |   131 |   406 |   375 |   697 ||  1609
       Battleaxe         |       |       |       |       |   412 |    96 ||   508
 Fire: Sling             |       |    30 |    32 |       |       |       ||    62
Throw: Boomerang         |    16 |     2 |       |       |    19 |       ||    37
       Dart              |       |       |     4 |     2 |     2 |     1 ||     9
       Throwing net      |       |       |       |     2 |       |     2 ||     4
 Cast: Foxfire           |    11 |    69 |    60 |       |       |       ||   140
       Slow              |       |       |     2 |       |       |       ||     2
       Apportation       |       |       |       |       |    66 |    24 ||    90
       Passage of Golubr |       |       |       |       |    50 |     8 ||    58
       Blink             |       |       |       |       |     6 |     1 ||     7
       Lesser Beckoning  |       |       |       |       |     6 |    11 ||    17
       Manifold Assault  |       |       |       |       |    51 |    67 ||   118
Invok: Sacrifice Love    |     1 |       |       |       |       |       ||     1
       Sacrifice Skill   |       |     1 |       |       |       |       ||     1
       Sacrifice Stealth |       |       |     1 |       |       |       ||     1
       Reject Sacrifices |       |       |       |     1 |     1 |     1 ||     3
       Draw Out Power    |       |       |       |       |     8 |     5 ||    13
       Sacrifice Words   |       |       |       |       |     1 |       ||     1
       Power Leap        |       |       |       |       |     2 |     2 ||     4
       Apocalypse        |       |       |       |       |       |     2 ||     2
Evoke: Wand              |       |     1 |     2 |    11 |    24 |    14 ||    52
       Condenser vane    |       |       |       |       |       |     3 ||     3
  Use: Potion            |     1 |       |       |     1 |    15 |    17 ||    34
       Scroll            |     2 |     3 |     2 |     4 |    17 |    10 ||    38
 Stab: Invisible         |       |       |     1 |       |    11 |     6 ||    18
       Distracted        |       |       |     1 |     2 |     6 |     6 ||    15
       Paralysed         |       |       |       |     6 |    12 |     2 ||    20
Armor: Leather armour    |    38 |    23 |    11 |       |       |       ||    72
       Scale mail        |       |       |    20 |   172 |    91 |       ||   283
       Chain mail        |       |       |       |       |   404 |   459 ||   863
Dodge: Dodged            |    47 |    33 |    65 |   138 |   288 |   222 ||   793
Block: Buckler           |    23 |     8 |    27 |    58 |       |       ||   116
       Kite shield       |       |       |       |    90 |   237 |   391 ||   718
